 Dungeon Crawl Stone Soup version 0.28-a0-1395-g4f6bc678fa (webtiles) character file.

Game seed: 7562779547077661010

432 gimp the Sneak (level 7, -4/37 HPs)
             Began as a Vine Stalker Wanderer on Jan 5, 2022.
             Was an Initiate of Dithmenos.
             Slain by a black bear (8 damage)
             ... on level 4 of the Dungeon.
             The game lasted 00:05:08 (4031 turns).

gimp the Sneak (Vine Stalker Wanderer)              Turns: 4031, Time: 00:05:09

Health: -4/37      AC:  4    Str: 12    XL:     7   Next: 0%
Magic:  0/11       EV: 11    Int: 15    God:    Dithmenos [......]
Gold:   152        SH:  0    Dex: 15    Spells: 9/10 levels left

rFire   . . .      SeeInvis .   a - +0 dagger
rCold   . . .      Faith    .   (no shield)
rNeg    . . .      Spirit   +   b - +0 robe
rPois   .          Reflect  .   c - +0 helmet
rElec   .          Harm     .   (no cloak)
rCorr   .          Rampage  .   i - +0 pair of gloves
Will    .....                   (no boots)
Stlth   ++++......              (no amulet)
HPRegen 0.92/turn               (no ring)
MPRegen 0.12/turn               (no ring)

@: about to teleport
A: fangs 2, regeneration 1, magic shield, antimagic bite, no potion heal 2
a: Renounce Religion


You were on level 4 of the Dungeon.
You worshipped Dithmenos.
Dithmenos was noncommittal.
You visited 2 branches of the dungeon, and saw 5 of its levels.

You collected 207 gold pieces.
You spent 55 gold pieces at shops.

Inventory:

Hand Weapons
 a - a +0 dagger (weapon)
Armour
 b - a +0 robe (worn)
 c - a +0 helmet (worn)
 i - a +0 pair of gloves (worn)
Jewellery
 h - a ring of fire
Scrolls
 d - 2 scrolls of teleportation
 e - 2 scrolls of enchant weapon
 k - 2 scrolls of magic mapping {unknown}
 l - a scroll of amnesia {unknown}
 m - 2 scrolls of immolation {unknown}
Potions
 f - a potion of mutation {unknown}
 g - a potion of brilliance {unknown}
 j - a potion of degeneration {unknown}
 n - a potion of curing {unknown}


   Skills:
 + Level 3.8 Fighting
 + Level 7.9 Stealth
 - Level 2.1 Spellcasting
 - Level 3.0 Summonings
 - Level 2.0 Necromancy


You had 9 spell levels left.
You knew the following spells:

 Your Spells              Type           Power      Damage    Failure   Level
a - Summon Small Mammal   Summ           40%        N/A       6%          1

Your spell library contained the following spells:

 Spells                   Type           Power      Damage    Failure   Level
 Sublimation of Blood     Necr           7%         N/A       14%         2
 Call Canine Familiar     Summ           10%        N/A       19%         3
 Freeze                   Ice            4%         1d3       22%         1
 Corpse Rot               Necr/Air       8%         N/A       22%         2
 Summon Guardian Golem    Hex/Summ       6%         N/A       34%         3
 Frozen Ramparts          Ice            2%         1d2       54%         3
 Gell's Gravitas          Tloc           1%         N/A       54%         3
 Portal Projectile        Hex/Tloc       2%         N/A       54%         3
 Teleport Other           Tloc           1%         N/A       54%         3
 Animate Armour           Summ/Erth      12%        N/A       75%         4
 Summon Lightning Spire   Summ/Air       6%         N/A       75%         4
 Hailstorm                Conj/Ice       1%         3d3       91%         4
 Leda's Liquefaction      Hex/Erth       0%         N/A       91%         4
 Dispersal                Tloc           0%         N/A       100%        6


Dungeon Overview and Level Annotations

Branches:
Dungeon (4/15)             Temple (1/1) D:4

Altars:
Ashenzari
Dithmenos
Elyvilon
Fedhas
Gozag
Hepliaklqana
Kikubaaqudgha
Makhleb
Nemelex Xobeh
Okawaru
Qazlal
Ru
Sif Muna
Trog
Uskayaw
Vehumet
Wu Jian
Xom
Yredelemnul
Zin
The Shining One

Shops:
D:1 ?[**   D:3 (==


Innate Abilities, Weirdness & Mutations

You have extremely sharp teeth.
Your natural rate of healing is unusually fast.
When hurt, damage is shared between your health and your magic reserves.
Your bite disrupts and absorbs the magic of your enemies.
Potions cannot restore your health.


Message History

The black bear bites you but does no damage.
The black bear claws you but does no damage.
The black bear claws you.
You take 1 damage, and have 32/37 hp.
You hit the black bear.
The black bear is heavily wounded.
The black bear bites you.
The black bear claws you but does no damage.
The black bear claws you.
You take 5 damage, and have 27/37 hp.
You now have 7/11 mp.
You hit the black bear but do no damage.
You bite the black bear, but do no damage.
The black bear is heavily wounded.
The black bear closely misses you. The black bear claws you. x2
You take 2 damage, and have 25/37 hp.
You now have 6/11 mp.
You hit the black bear. You bite the black bear. You drain its power.
You feel invigorated.
The black bear is severely wounded.
The black bear closely misses you. The black bear claws you. x2
You take 4 damage, and have 21/37 hp.
You hit the black bear but do no damage.
You bite the black bear, but do no damage.
The black bear is severely wounded.
The black bear goes berserk!
You hit the black bear. Your bite misses the black bear.
The black bear is severely wounded.
The black bear bites you!
The black bear claws you but does no damage. x2
The black bear bites you! The black bear claws you.
* * * LOW HITPOINT WARNING * * *
The black bear claws you.
* * * LOW HITPOINT WARNING * * *
You take 17 damage, and have 5/37 hp.
MASSIVE DAMAGE!!
You now have 1/11 mp.
You are too injured to fight recklessly!
As you read the scroll of teleportation, it crumbles to dust.
You feel strangely unstable. The black bear barely misses you.
The black bear claws you.
* * * LOW HITPOINT WARNING * * *
The black bear misses you. The black bear bites you!
You die...

###.####<.###.#.###.####.#....
#..# #.#.###†## #...##.
..............#####.##.
.#..###...............#.
#.#... ...###............ .
...###.# #..........#. ......#
#.# #............
..#.#..###.####..........#.
.......h@................
#.#..#########.#.......## $..
#.##........ . #.......#.##
######.##.# #.##.# #.##.# ####
#.##.# ... #.##.#


You could see a black bear (berserk).

Vanquished Creatures
  An ice beast (D:4)
  A necrophage (D:4)
  A bullfrog zombie (D:3)
  A jelly (D:3)
  A centaur skeleton (D:4)
  A hound (D:4)
  A hound skeleton (D:4)
  6 adders
  3 dart slugs
  An orc (D:4)
  4 bats
  4 endoplasms
  5 giant cockroaches
  11 goblins
  5 hobgoblins
  7 kobolds
  4 quokkas
  5 ball pythons
  2 frilled lizards
  5 rats
69 creatures vanquished.

Notes
Turn   | Place    | Note
-------+----------+-------------------------------------------
     0 | D:1      | gimp the Vine Stalker Wanderer began the quest for the Orb.
     0 | D:1      | gimp set off with the following items: a +0 club, a +0
                  | robe, a +0 helmet; and the following spell memorised:
                  | Summon Small Mammal; and the following spells available to
                  | memorise: Sublimation of Blood, Corpse Rot, Animate Armour,
                  | Summon Lightning Spire
     0 | D:1      | Reached XP level 1. HP: 9/9 MP: 4/4
   279 | D:1      | Reached skill level 4 in Stealth
   281 | D:1      | Found Jasoh's Assorted Antiques.
   653 | D:1      | Reached XP level 2. HP: 13/13 MP: 6/6
  1015 | D:1      | Found Xiaposuo's Assorted Antiques.
  1033 | D:1      | Found Ucsinina's Magic Scroll Emporium.
  1042 | D:1      | Bought a scroll of identify for 22 gold pieces
  1042 | D:1      | Bought a scroll of teleportation for 33 gold pieces
  1209 | D:1      | Found a faded altar of an unknown god.
  1218 | D:1      | Reached skill level 5 in Stealth
  1295 | D:1      | Found Uhaakh's Antique Armour Emporium.
  1345 | D:1      | Reached XP level 3. HP: 16/16 MP: 7/7
  1851 | D:2      | Reached skill level 1 in Fighting
  2080 | D:2      | Gained mutation: Your natural rate of healing is unusually
                  | fast. [Vine Stalker growth]
  2080 | D:2      | Reached XP level 4. HP: 22/22 MP: 8/8
  2596 | D:3      | Found Myfet's Antique Weapon Boutique.
  2691 | D:3      | Found Xastrini's Jewellery Shop.
  2885 | D:3      | Found Rauky's Jewellery Shoppe.
  2904 | D:3      | Reached skill level 6 in Stealth
  2917 | D:3      | Reached XP level 5. HP: 24/26 MP: 9/9
  3361 | D:4      | Found a staircase to the Ecumenical Temple.
  3369 | Temple   | Entered the Ecumenical Temple
  3649 | Temple   | Became a worshipper of Dithmenos the Shadowed
  3682 | D:4      | Noticed a necrophage
  3726 | D:4      | Killed a necrophage
  3727 | D:4      | Reached skill level 7 in Stealth
  3727 | D:4      | Reached XP level 6. HP: 20/32 MP: 10/10
  3924 | D:4      | Noticed an ice beast
  3950 | D:4      | Killed an ice beast
  3951 | D:4      | Reached XP level 7. HP: 23/37 MP: 4/11
  4031 | D:4      | Slain by a black bear

Illustrated notes

Levels and vault maps discovered:
D:1:      saegor_arrival_simple_e, layout_loops_ring, serial_shops, shop,
          shop_coins, shop, shop, ebering_ecumenical_altar_sacrificial,
          grunt_decor_one_mirror
D:2:      layout_basic
D:3:      layout_rooms, serial_shops, nicolae_shop_overgrown_old_shop, shop,
          shop_statue, fountainhead
D:4:      layout_loops_ring, minmay_temple_entry_wispy, uniq_blork_the_orc
Temple:   regret_index_temple_sigil_plot

Skill      XL: |  1  2  3  4  5 |
---------------+----------------+-----
Stealth        | 4 5 6 7 |  7.9
Fighting       | 1 2 3 |  3.8
Spellcasting   | |  2.1
Summonings     | |  3.0
Necromancy     | |  2.0

Action                   |  1- 3 |  4- 6 |  7- 9 || total
-------------------------+-------+-------+-------++-------
Melee: Club              |    35 |       |       ||    35
       Bite              |    33 |    53 |     3 ||    89
       Dagger            |   105 |   181 |    11 ||   297
  Use: Scroll            |     1 |       |     1 ||     2
 Stab: Sleeping          |     7 |     8 |       ||    15
Armor: Robe              |    32 |    61 |     8 ||   101
Dodge: Dodged            |    84 |   125 |     9 ||   218

Table legend: (Time is in decaauts)
 A = Elapsed time spent in this place.
 B = Non-inter-level travel time spent in this place.
 C = Inter-level travel time spent in this place.
 D = Time resting spent in this place.
 E = Time spent auto-exploring this place.
 F = Levels seen in this place.
 G = Mean time per level.
                   A        B        C        D        E       F      G
               +--------+--------+--------+--------+--------+-----+--------+
         Total |   4042 |   3940 |    102 |      0 |   3132 |   5 |  808.4 |
       Dungeon |   3734 |   3687 |     47 |      0 |   2900 |   4 |  933.5 |
        Temple |    308 |    253 |     55 |      0 |    232 |   1 |  308.0 |
               +--------+--------+--------+--------+--------+-----+--------+

Top non-repeatable levels by time:
     D:1: 1558 daAuts
     D:2: 1000 daAuts
     D:3: 705 daAuts
     D:4: 469 daAuts
  Temple: 308 daAuts
